3L
ECHO PARK LAKERS @ BROOKLYN DODGERS
10/02/2038
 
TOP OF THE 1ST
Echo Park Lakers batting - Pitching for Brooklyn Dodgers : LHP Markus Widner
Pitching: LHP Markus Widner
Batting: LHB Wu-shun Chu 0-0: Ball
1-0: TRIPLE (Line Drive, 8LD, EV 88.1 MPH)
Batting: RHB Kyu-cheol Kye 0-0: Ball
1-0: Ball
2-0: Ball
3-0: Called Strike
3-1: Foul Ball, location: 2F
3-2: Strikes out looking
Batting: RHB Mario Castillo 0-0: Ball
1-0: Foul Ball, location: 2F
1-1: Ball
Passed Ball!
Wu-shun Chu scores
2-1: Called Strike
2-2: Ball
3-2: Base on Balls
Batting: RHB Angeddy Almanzar 0-0: Foul Ball, location: 2F
0-1: Ball
1-1: Ball
2-1: Foul Ball, location: 2F
2-2: Strikes out looking
Batting: RHB Komotay Koffie 0-0: Swinging Strike
0-1: Foul Ball, location: 2F
0-2: Strikes out swinging
Top of the 1st over - 1 run, 1 hit, 0 errors, 1 left on base; Echo Park 1 - Brooklyn 0
BOTTOM OF THE 1ST
Brooklyn Dodgers batting - Pitching for Echo Park Lakers : RHP Bernardo López
Pitching: RHP Bernardo López
Batting: LHB Count Dante 0-0: Ball
1-0: Foul Ball, location: 2F
1-1: Ground out 5-3 (Groundball, 56, EV 93.8 MPH)
Batting: RHB Bill Chaundler 0-0: Called Strike
0-1: Foul Ball, location: 2F
0-2: Ball
1-2: Foul Ball, location: 2F
1-2: Foul Ball, location: 2F
1-2: Strikes out swinging
Batting: LHB Aaron Day 0-0: Ball
1-0: Ball
2-0: Ball
3-0: Base on Balls
Batting: LHB Tony Wonder 0-0: Ball
1-0: Ball
2-0: Foul Ball, location: 2F
2-1: Swinging Strike
2-2: Ball
3-2: Foul Ball, location: 2F
3-2: Base on Balls
Aaron Day to second
Batting: SHB Peer van Lochem 0-0: Called Strike
0-1: Fly out, F9 (Flyball, 9, EV 86.2 MPH)
Bottom of the 1st over - 0 runs, 0 hits, 0 errors, 2 left on base; Echo Park 1 - Brooklyn 0
TOP OF THE 2ND
Echo Park Lakers batting - Pitching for Brooklyn Dodgers : LHP Markus Widner
Batting: RHB Ryoma Yamamoto 0-0: Ball
1-0: Foul Ball, location: 2F
1-1: Foul Ball, location: 2F
1-2: Ball
2-2: SINGLE (Line Drive, 4D, EV 105.0 MPH)
Batting: RHB Phil Gillespie 0-0: Ball
1-0: Ball
2-0: Foul Ball, location: 2F
2-1: Foul Ball, location: 2F
2-2: Fly out, F9 (Flyball, 9, EV 88.8 MPH)
Batting: LHB Rich Watkins 0-0: Fly out, F9 (Line Drive, 9D, EV 86.9 MPH)
Batting: RHB Felipe Campos 0-0: Ball
1-0: SINGLE (Line Drive, 6M, EV 96.9 MPH)
Ryoma Yamamoto to second
Batting: LHB Wu-shun Chu 0-0: Called Strike
0-1: Foul Ball, location: 2F
0-2: Ball
1-2: Foul Ball, location: 2F
1-2: Ball
2-2: Strikes out swinging
Top of the 2nd over - 0 runs, 2 hits, 0 errors, 2 left on base; Echo Park 1 - Brooklyn 0
BOTTOM OF THE 2ND
Brooklyn Dodgers batting - Pitching for Echo Park Lakers : RHP Bernardo López
Batting: RHB Carlos Muńóz 0-0: SINGLE (Line Drive, 89S, EV 91.2 MPH)
Batting: LHB Hugh Hill 0-0: Ball
1-0: Ball
2-0: Called Strike
2-1: Called Strike
2-2: Ball
3-2: Grounds into double play, 5-4-3 (Groundball, 5, EV 85.0 MPH)
Batting: RHB Cooper Lowe 0-0: Foul Ball, location: 2F
0-1: Ground out 6-3 (Groundball, 6M, EV 97.5 MPH)
Bottom of the 2nd over - 0 runs, 1 hit, 0 errors, 0 left on base; Echo Park 1 - Brooklyn 0
TOP OF THE 3RD
Echo Park Lakers batting - Pitching for Brooklyn Dodgers : LHP Markus Widner
Batting: RHB Kyu-cheol Kye 0-0: Ball
1-0: Ball
2-0: Foul Ball, location: 2F
2-1: Fly out, F8 (Line Drive, 8LM, EV 94.4 MPH)
Batting: RHB Mario Castillo 0-0: Swinging Strike
0-1: Foul Ball, location: 2F
0-2: Foul Ball, location: 2F
0-2: Ground out 6-3 (Groundball, 6M, EV 103.1 MPH)
Batting: RHB Angeddy Almanzar 0-0: Called Strike
0-1: Ball
1-1: Ball
2-1: Fly out, F8 (Flyball, 8RM, EV 88.8 MPH)
Top of the 3rd over - 0 runs, 0 hits, 0 errors, 0 left on base; Echo Park 1 - Brooklyn 0
BOTTOM OF THE 3RD
Brooklyn Dodgers batting - Pitching for Echo Park Lakers : RHP Bernardo López
Batting: RHB Olaf Esveld 0-0: Ball
1-0: Ground out 5-3 (Groundball, 5, EV 101.9 MPH)
Batting: LHB Count Dante 0-0: Ball
1-0: Ball
2-0: Ball
3-0: Called Strike
3-1: Foul Ball, location: 2F
3-2: Foul Ball, location: 2F
3-2: Hit by Pitch
Batting: RHB Bill Chaundler 0-0: Called Strike
0-1: DOUBLE (Line Drive, 89D, EV 108.8 MPH)
Count Dante to third
Runner from 3rd tries for Home, SAFE, no throw by RF
Batting: LHB Aaron Day 0-0: Ball
1-0: Ball
2-0: Foul Ball, location: 2F
2-1: Swinging Strike
2-2: Ground out 4-3 (Groundball, 4, EV 85.6 MPH)
Bill Chaundler to third
Batting: LHB Tony Wonder 0-0: SINGLE (Flyball, 78M, EV 90.6 MPH)
Bill Chaundler scores
Batting: SHB Peer van Lochem 0-0: Ball
Tony Wonder steals 2nd, throwing error, E2
Tony Wonder to third
1-0: Called Strike
1-1: Foul Ball, location: 2F
1-2: Fly out, F6 (Popup, P, EV 81.2 MPH)
Bottom of the 3rd over - 2 runs, 2 hits, 1 error, 1 left on base; Echo Park 1 - Brooklyn 2
TOP OF THE 4TH
Echo Park Lakers batting - Pitching for Brooklyn Dodgers : LHP Markus Widner
Batting: RHB Komotay Koffie 0-0: Ball
1-0: Ground out U3 (Groundball, 3, EV 96.2 MPH)
Batting: RHB Ryoma Yamamoto 0-0: Ground out 6-3 (Groundball, 6, EV 83.1 MPH)
Batting: RHB Phil Gillespie 0-0: Called Strike
0-1: Ground out 5-3 (Groundball, 56, EV 91.2 MPH)
Top of the 4th over - 0 runs, 0 hits, 0 errors, 0 left on base; Echo Park 1 - Brooklyn 2
BOTTOM OF THE 4TH
Brooklyn Dodgers batting - Pitching for Echo Park Lakers : RHP Bernardo López
Batting: RHB Carlos Muńóz 0-0: Called Strike
0-1: Ball
1-1: Called Strike
1-2: Foul Ball, location: 2F
1-2: Ball
2-2: Ball
3-2: Ground out 4-3 (Groundball, 4M, EV 108.8 MPH)
Batting: LHB Hugh Hill 0-0: Fly out, F8 (Line Drive, 8LM, EV 95.0 MPH)
Batting: RHB Cooper Lowe 0-0: Called Strike
0-1: Swinging Strike
0-2: Ball
1-2: Ball
2-2: Fly out, F8 (Flyball, 89M, EV 86.2 MPH)
Bottom of the 4th over - 0 runs, 0 hits, 0 errors, 0 left on base; Echo Park 1 - Brooklyn 2
TOP OF THE 5TH
Echo Park Lakers batting - Pitching for Brooklyn Dodgers : LHP Markus Widner
Batting: LHB Rich Watkins 0-0: Called Strike
0-1: Swinging Strike
0-2: Ball
1-2: SOLO HOME RUN (Flyball, 9D, EV 93.1 MPH), Distance : 380 ft
Batting: RHB Felipe Campos 0-0: Ball
1-0: Swinging Strike
1-1: Called Strike
1-2: Ground out 6-3 (Groundball, 56, EV 94.4 MPH)
Batting: LHB Wu-shun Chu 0-0: Ball
1-0: Foul Ball, location: 2F
1-1: Ball
2-1: Ground out 6-3 (Groundball, 6, EV 86.2 MPH)
Batting: RHB Kyu-cheol Kye 0-0: Ball
1-0: Foul Ball, location: 2F
1-1: Ball
2-1: SINGLE (Flyball, 8RS, EV 96.2 MPH)
Batting: RHB Mario Castillo 0-0: Called Strike
0-1: Foul Ball, location: 2F
0-2: 2-RUN HOME RUN (Flyball, 7LD, EV 96.2 MPH), Distance : 349 ft
Batting: RHB Angeddy Almanzar 0-0: Called Strike
0-1: Called Strike
0-2: Ball
1-2: Fly out, F9 (Flyball, 9, EV 87.5 MPH)
Top of the 5th over - 3 runs, 3 hits, 0 errors, 0 left on base; Echo Park 4 - Brooklyn 2
BOTTOM OF THE 5TH
Brooklyn Dodgers batting - Pitching for Echo Park Lakers : RHP Bernardo López
Batting: RHB Olaf Esveld 0-0: Foul Ball, location: 2F
0-1: Ground out 3-1 (Groundball, 34, EV 78.1 MPH)
Batting: LHB Count Dante 0-0: Called Strike
0-1: Foul Ball, location: 2F
0-2: SINGLE (Groundball, 4MD, EV 106.2 MPH)
Batting: RHB Bill Chaundler 0-0: Ball
1-0: Called Strike
1-1: Ball
2-1: Foul Ball, location: 2F
2-2: Fly out, F8 (Flyball, 8RM, EV 82.5 MPH)
Batting: LHB Aaron Day 0-0: Ball
1-0: Called Strike
1-1: Foul Ball, location: 2F
1-2: Fly out, F7 (Flyball, 7S, EV 92.5 MPH)
Bottom of the 5th over - 0 runs, 1 hit, 0 errors, 1 left on base; Echo Park 4 - Brooklyn 2
TOP OF THE 6TH
Echo Park Lakers batting - Pitching for Brooklyn Dodgers : LHP Markus Widner
Batting: RHB Komotay Koffie 0-0: Swinging Strike
0-1: Called Strike
0-2: Foul Ball, location: 2F
0-2: Ball
1-2: Foul Ball, location: 2F
1-2: Strikes out looking
Batting: RHB Ryoma Yamamoto 0-0: Called Strike
0-1: Foul Ball, location: 2F
0-2: Ball
1-2: Ball
2-2: Foul Ball, location: 2F
2-2: Ground out 4-3 (Groundball, 34, EV 103.1 MPH)
Batting: RHB Phil Gillespie 0-0: Swinging Strike
0-1: Swinging Strike
0-2: Strikes out swinging
Top of the 6th over - 0 runs, 0 hits, 0 errors, 0 left on base; Echo Park 4 - Brooklyn 2
BOTTOM OF THE 6TH
Brooklyn Dodgers batting - Pitching for Echo Park Lakers : RHP Bernardo López
Batting: LHB Tony Wonder 0-0: Ball
1-0: Ball
2-0: Fly out, F6 (Popup, 6, EV 73.1 MPH)
Batting: SHB Peer van Lochem 0-0: Ball
1-0: Fly out, F7 (Flyball, 7, EV 81.9 MPH)
Batting: RHB Carlos Muńóz 0-0: Called Strike
0-1: SINGLE (Groundball, 34D, EV 98.8 MPH)
Batting: LHB Hugh Hill 0-0: Ball
1-0: Ball
2-0: Ball
3-0: Base on Balls
Carlos Muńóz to second
Batting: RHB Cooper Lowe 0-0: Ball
1-0: Ball
2-0: Fly out, F7 (Flyball, 78S, EV 88.1 MPH)
Bottom of the 6th over - 0 runs, 1 hit, 0 errors, 2 left on base; Echo Park 4 - Brooklyn 2
TOP OF THE 7TH
Echo Park Lakers batting - Pitching for Brooklyn Dodgers : LHP Markus Widner
Batting: LHB Rich Watkins 0-0: Called Strike
0-1: Foul Ball, location: 2F
0-2: Foul Ball, location: 2F
0-2: Strikes out swinging
Pitching: LHP Javier Desdin
Batting: RHB Felipe Campos 0-0: Called Strike
0-1: Ball
1-1: Ball
2-1: Foul Ball, location: 2F
2-2: Strikes out looking
Batting: LHB Wu-shun Chu 0-0: Ball
1-0: Ball
2-0: Foul Ball, location: 2F
2-1: Called Strike
2-2: Strikes out swinging
Top of the 7th over - 0 runs, 0 hits, 0 errors, 0 left on base; Echo Park 4 - Brooklyn 2
BOTTOM OF THE 7TH
Brooklyn Dodgers batting - Pitching for Echo Park Lakers : RHP Bernardo López
Batting: RHB Olaf Esveld 0-0: Swinging Strike
0-1: Ball
1-1: SINGLE (Groundball, 6MD, EV 100.6 MPH)
Pitching: RHP Jeffery Prosser
Batting: LHB Count Dante 0-0: Swinging Strike
0-1: Ball
1-1: Foul Ball, location: 2F
1-2: Strikes out looking
Batting: RHB Bill Chaundler 0-0: Called Strike
0-1: Called Strike
0-2: Foul Ball, location: 2F
0-2: Strikes out swinging
Batting: LHB Aaron Day 0-0: Ball
1-0: Foul Ball, location: 2F
1-1: Swinging Strike
1-2: Foul Ball, location: 2F
1-2: Strikes out looking
Bottom of the 7th over - 0 runs, 1 hit, 0 errors, 1 left on base; Echo Park 4 - Brooklyn 2
TOP OF THE 8TH
Echo Park Lakers batting - Pitching for Brooklyn Dodgers : LHP Javier Desdin
Batting: RHB Kyu-cheol Kye 0-0: Ball
1-0: Ball
2-0: Foul Ball, location: 2F
2-1: Foul Ball, location: 2F
2-2: Foul Ball, location: 2F
2-2: Fly out, F9 (Flyball, 9, EV 86.2 MPH)
Batting: RHB Mario Castillo 0-0: Ball
1-0: Foul Ball, location: 2F
1-1: Fly out, F3 (Line Drive, 3, EV 67.5 MPH)
Batting: RHB Angeddy Almanzar 0-0: Ball
1-0: Ball
2-0: Called Strike
2-1: Foul Ball, location: 2F
2-2: Foul Ball, location: 2F
2-2: Foul Ball, location: 2F
2-2: Ball
3-2: Foul Ball, location: 2F
3-2: Base on Balls
Batting: RHB Komotay Koffie 0-0: Called Strike
0-1: Foul Ball, location: 2F
0-2: Foul Ball, location: 2F
0-2: Ball
1-2: Foul Ball, location: 2F
1-2: Strikes out swinging
Top of the 8th over - 0 runs, 0 hits, 0 errors, 1 left on base; Echo Park 4 - Brooklyn 2
BOTTOM OF THE 8TH
Brooklyn Dodgers batting - Pitching for Echo Park Lakers : RHP Jeffery Prosser
Batting: LHB Tony Wonder 0-0: Swinging Strike
0-1: Ball
1-1: Ball
2-1: Ball
3-1: Called Strike
3-2: SINGLE (Line Drive, 8RS, EV 93.8 MPH)
Batting: SHB Peer van Lochem 0-0: Ball
1-0: SINGLE (Groundball, 4MD, EV 99.4 MPH)
Tony Wonder to second
Runner from 2nd tries for 3rd, SAFE, throw by CF made to third
Batting: RHB Carlos Muńóz 0-0: Ball
1-0: Foul Ball, location: 2F
1-1: Foul Ball, location: 2F
1-2: Foul Ball, location: 2F
1-2: Strikes out swinging
Batting: LHB Hugh Hill 0-0: Foul Ball, location: 2F
0-1: Swinging Strike
0-2: SINGLE (Line Drive, 3L, EV 96.9 MPH)
Tony Wonder scores
Peer van Lochem to second
Runner from 2nd tries for 3rd, SAFE, no throw by RF
Batting: RHB Cooper Lowe 0-0: Ball
1-0: Ball
2-0: Called Strike
2-1: Ball
3-1: Base on Balls
Hugh Hill to second
Batting: RHB Olaf Esveld 0-0: SINGLE (Line Drive, 7S, EV 92.5 MPH)
Peer van Lochem scores
Hugh Hill to third
Cooper Lowe to second
Batting: LHB Count Dante 0-0: Foul Ball, location: 2F
0-1: Foul Ball, location: 2F
0-2: Strikes out swinging
Batting: RHB Bill Chaundler 0-0: Ball
1-0: Foul Ball, location: 2F
1-1: SINGLE (Line Drive, 56D, EV 93.8 MPH)
Hugh Hill scores
Cooper Lowe to third
Olaf Esveld to second
Pitching: LHP Francisco Rivas
Batting: LHB Aaron Day 0-0: Ball
1-0: Ball
2-0: Fielders Choice at 2nd, 6-4 (Groundball, 6, EV 101.9 MPH)
Bottom of the 8th over - 3 runs, 5 hits, 0 errors, 3 left on base; Echo Park 4 - Brooklyn 5
TOP OF THE 9TH
Echo Park Lakers batting - Pitching for Brooklyn Dodgers : LHP Javier Desdin
Pitching: RHP Ramón Granados
Now in CF: Cody Jaeckel
Now in RF: Félix Medina
Pinch Hitting: LHB Tomás Muinos 0-0: Ball
1-0: Swinging Strike
1-1: Ball
2-1: Foul Ball, location: 2F
2-2: Ball
3-2: Foul Ball, location: 2F
3-2: Foul Ball, location: 2F
3-2: Foul Ball, location: 2F
3-2: Base on Balls
Batting: RHB Phil Gillespie 0-0: Bunted foul
0-1: Ball
1-1: Sac Bunt to 25 - play at first, batter OUT! 5-4
Tomás Muinos to second
Batting: LHB Rich Watkins 0-0: Called Strike
0-1: Called Strike
0-2: Ball
1-2: Ball
Wild Pitch!
Tomás Muinos to third
2-2: Ball
3-2: Foul Ball, location: 2F
3-2: Foul Ball, location: 2F
3-2: Base on Balls
Batting: RHB Felipe Campos 0-0: Ball
1-0: Bunted foul
1-1: Called Strike
Rich Watkins steals 2nd, throwing error, E2
Tomás Muinos scores
Rich Watkins to third
1-2: Strikes out looking
Batting: LHB Wu-shun Chu 0-0: Ball
1-0: Called Strike
1-1: Ball
2-1: Ground out 6-3 (Groundball, 6, EV 91.2 MPH)
Top of the 9th over - 1 run, 0 hits, 1 error, 1 left on base; Echo Park 5 - Brooklyn 5
BOTTOM OF THE 9TH
Brooklyn Dodgers batting - Pitching for Echo Park Lakers : LHP Francisco Rivas
Pitching: RHP Corbin Holling
Now at 2B: Freddy Torres
Batting: SHB Félix Medina 0-0: Ball
1-0: Swinging Strike
1-1: Called Strike
1-2: Ball
2-2: Ball
3-2: SINGLE (Line Drive, 7S, EV 103.8 MPH)
Batting: SHB Peer van Lochem 0-0: Ball
1-0: Called Strike
Félix Medina is caught stealing 2nd base 2-6
1-1: Fly out, F4 (Popup, 4D, EV 68.1 MPH)
Batting: RHB Carlos Muńóz 0-0: Ball
1-0: Called Strike
1-1: Foul Ball, location: 2F
1-2: Ball
2-2: Foul Ball, location: 2F
2-2: Foul Ball, location: 2F
2-2: Strikes out swinging
Bottom of the 9th over - 0 runs, 1 hit, 0 errors, 0 left on base; Echo Park 5 - Brooklyn 5
TOP OF THE 10TH
Echo Park Lakers batting - Pitching for Brooklyn Dodgers : RHP Ramón Granados
Batting: RHB Kyu-cheol Kye 0-0: Ball
1-0: Called Strike
1-1: Foul Ball, location: 2F
1-2: Ground out 1-3 (Groundball, 15, EV 78.8 MPH)
Batting: RHB Mario Castillo 0-0: Ball
1-0: Foul Ball, location: 2F
1-1: Called Strike
1-2: Ball
2-2: Foul Ball, location: 2F
2-2: Ball
3-2: Base on Balls
Pitching: RHP Harrison Tuff
Batting: RHB Angeddy Almanzar 0-0: Called Strike
0-1: Fly out, F7 (Flyball, 7S, EV 86.9 MPH)
Batting: RHB Komotay Koffie 0-0: Ball
1-0: Called Strike
1-1: Called Strike
1-2: Ball
2-2: Ball
3-2: Strikes out swinging
Top of the 10th over - 0 runs, 0 hits, 0 errors, 1 left on base; Echo Park 5 - Brooklyn 5
BOTTOM OF THE 10TH
Brooklyn Dodgers batting - Pitching for Echo Park Lakers : RHP Corbin Holling
Batting: LHB Hugh Hill 0-0: Called Strike
0-1: Called Strike
0-2: Foul Ball, location: 2F
0-2: Ball
1-2: Ball
2-2: Foul Ball, location: 2F
2-2: Ground out 6-3 (Groundball, 6, EV 83.8 MPH)
Batting: RHB Cooper Lowe 0-0: Ball
1-0: Called Strike
1-1: Ball
2-1: Called Strike
2-2: Ball
3-2: Foul Ball, location: 2F
3-2: Fly out, F7 (Flyball, 7S, EV 83.8 MPH)
Pinch Hitting: SHB Tony Manzanares 0-0: Called Strike
0-1: Ball
1-1: Fly out, F9 (Flyball, 9, EV 88.1 MPH)
Bottom of the 10th over - 0 runs, 0 hits, 0 errors, 0 left on base; Echo Park 5 - Brooklyn 5
TOP OF THE 11TH
Echo Park Lakers batting - Pitching for Brooklyn Dodgers : RHP Harrison Tuff
Now at C: Tony Manzanares
Pinch Hitting: LHB Abraham Koen 0-0: Ball
1-0: Ball
2-0: Called Strike
2-1: Ball
3-1: Base on Balls
Batting: RHB Phil Gillespie 0-0: Bunted foul
0-1: Ball
1-1: Sac Bunt to 13S - play at first, batter OUT! 1-4
Abraham Koen to second
Batting: LHB Rich Watkins 0-0: Intentional Walk
Batting: RHB Felipe Campos 0-0: Ball
1-0: Ball
2-0: Called Strike
2-1: Called Strike
2-2: Ball
3-2: Ground out 5-3 (Groundball, 5S, EV 80.0 MPH)
Abraham Koen to third
Rich Watkins to second
Batting: LHB Wu-shun Chu 0-0: Ball
1-0: Ball
2-0: SINGLE (Line Drive, 89S, EV 92.5 MPH)
Abraham Koen scores
Rich Watkins to third
Runner from 3rd tries for Home, SAFE, no throw by RF
Batting: RHB Kyu-cheol Kye 0-0: Ball
1-0: Called Strike
Wu-shun Chu steals 2nd base
1-1: Foul Ball, location: 2F
1-2: Foul Ball, location: 2F
1-2: Ball
2-2: Strikes out swinging
Top of the 11th over - 2 runs, 1 hit, 0 errors, 1 left on base; Echo Park 7 - Brooklyn 5
BOTTOM OF THE 11TH
Brooklyn Dodgers batting - Pitching for Echo Park Lakers : RHP Corbin Holling
Now at 2B: Tom Bancroft
Batting: RHB Cody Jaeckel 0-0: Ball
1-0: Foul Ball, location: 2F
1-1: SOLO HOME RUN (Flyball, 7D, EV 108.1 MPH), Distance : 379 ft
Batting: RHB Bill Chaundler 0-0: Ball
1-0: Ground out 5-3 (Groundball, 5, EV 105.0 MPH)
Batting: LHB Aaron Day 0-0: Ball
1-0: Called Strike
1-1: Ball
2-1: Foul Ball, location: 2F
2-2: Fly out, F8 (Line Drive, 8RM, EV 96.9 MPH)
Batting: SHB Félix Medina 0-0: Called Strike
0-1: Ball
1-1: Fly out, F9 (Flyball, 9S, EV 73.8 MPH)
Bottom of the 11th over - 1 run, 1 hit, 0 errors, 0 left on base; Echo Park 7 - Brooklyn 6
Friday, April 17th, 2020 - OOTP Baseball 20.8 Build 74